Map: Deathaura LE

Players

Neeb - Winner!

  • Race: Protoss Protoss
  • Spawn Location: 11:00

Armani

  • Race: Zerg Zerg
  • Spawn Location: 5:00

Event: DreamHack SC2 Masters 2020 Winter

VOD

Have the link to the VOD?

Description

Time

  • Played on: Nov. 10, 2020, 10:53 a.m.
  • Length: 28:49

All games in this series

Show
View Real Time Build Order
Export as new Build Order

Neeb Protoss - Winner!

Build Orders: 1 Gate Expand, Oracle Opening, Zealot Archon 

Get SALT Encoding   

  12  0:00  Probe  
  13  0:12  Probe  
  14  0:19  Pylon  
  14  0:24  Probe  
  15  0:37  Probe (Chrono Boost)  
  15  0:39  Gateway  
  16  0:46  Probe (Chrono Boost)  
  16  0:49  Assimilator  
  17  0:52  Probe (Chrono Boost)  
  18  1:04  Probe  
  19  1:16  Probe  
  20  1:25  Nexus  
  20  1:35  Cybernetics Core  
  20  1:39  Probe  
  21  1:51  Probe  
  21  1:53  Pylon  
  21  1:54  Assimilator  
  22  2:02  Probe  
  23  2:09  Adept (Chrono Boost)  
  23  2:10  Probe  
  26  2:18  Probe  
  27  2:26  Stargate  
  27  2:29  Probe  
  27  2:31  Adept (Chrono Boost)  
  30  2:38  Probe  
  30  2:39  Warp Gate  
  31  2:45  Probe  
  31  2:50  Probe  
  33  2:56  Adept  
  33  2:57  Probe  
  36  3:02  Probe, Void Ray (Chrono Boost)  
  37  3:09  Probe  
  37  3:10  Pylon  
  42  3:14  Probe  
  43  3:21  Probe  
  43  3:26  Probe  
  45  3:29  Pylon  
  45  3:34  Probe  
  45  3:37  Oracle (Chrono Boost)  
  49  3:43  Probe  
  50  3:49  Nexus  
  50  3:52  Pylon  
  50  3:56  Probe  
  50  3:57  Probe  
  52  4:04  Assimilator  
  52  4:06  Assimilator  
  52  4:08  Probe  
  52  4:09  Oracle  
  56  4:11  Probe  
  56  4:16  Pylon  
  57  4:20  Probe  
  57  4:23  Gateway  
  59  4:24  Probe  
  59  4:32  Probe  
  59  4:36  Probe  
  61  4:44  Probe  
  62  4:48  Probe (Chrono Boost)  
  62  4:50  Forge  
  62  4:51  Robotics Facility, Twilight Council  
  62  4:52  Pylon  
  63  4:53  Shield Battery, Sentry  
  63  4:56  Probe (Chrono Boost)  
  67  5:00  Probe (Chrono Boost)  
  67  5:03  Probe (Chrono Boost)  
  67  5:06  Probe (Chrono Boost)  
  69  5:09  Probe (Chrono Boost)  
  69  5:10  Probe (Chrono Boost)  
  69  5:12  Gateway  
  69  5:13  Probe (Chrono Boost)  
  72  5:15  Probe x2 (Chrono Boost)  
  72  5:16  Gateway  
  74  5:22  Probe  
  74  5:26  Probe  
  76  5:28  Probe  
  76  5:29  Charge  
  76  5:33  Protoss Ground Weapons Level 1 (Chrono Boost)  
  76  5:34  Assimilator, Probe, Sentry x2  
  76  5:35  Assimilator  
  78  5:38  Pylon  
  78  5:39  Observer, Probe  
  78  5:40  Probe  
  81  5:44  Gateway  
  81  5:46  Gateway  
  81  5:48  Probe  
  82  5:51  Probe  
  82  5:53  Probe  
  84  5:59  Gateway x2  
  84  6:00  Probe  
  85  6:09  Warp Prism (Chrono Boost), Gateway  
  85  6:11  Gateway  
  85  6:13  Templar Archives  
  85  6:17  Gateway  
  87  6:21  Pylon  
  87  6:23  Pylon  
  87  6:25  Zealot x2  
  91  6:28  Zealot  
  91  6:31  Pylon, Zealot  
  95  6:36  Pylon  
  95  6:39  Photon Cannon  
  95  6:40  Photon Cannon  
  95  6:48  Photon Cannon  
  95  6:56  Probe  
  95  6:59  High Templar x5  
  95  7:00  High Templar, Zealot  
  95  7:01  Zealot  
  112  7:04  Archon x2  
  112  7:05  Archon, Immortal (Chrono Boost)  
  112  7:06  Pylon  
  115  7:19  Probe x2  
  115  7:20  Protoss Ground Weapons Level 2 (Chrono Boost), Probe  
  118  7:25  Nexus  
  118  7:29  High Templar x2, Pylon  
  122  7:31  Probe x2  
  122  7:34  Probe  
  125  7:39  Psionic Storm  
  125  7:43  Probe x2  
  127  7:46  Probe  
  127  7:48  Photon Cannon  
  127  7:49  High Templar  
  130  7:52  Photon Cannon  
  130  7:53  Photon Cannon  
  130  7:54  Photon Cannon  
  130  7:55  Probe  
  130  7:56  Shield Battery, Probe  
  132  8:03  Probe  
  133  8:06  High Templar  
  133  8:07  High Templar  
  133  8:09  Assimilator  
  133  8:11  Assimilator, Pylon  
  139  8:15  Pylon  
  139  8:16  Pylon  
  139  8:18  Pylon  
  133  8:34  Fleet Beacon  
  133  8:36  Photon Cannon  
  133  8:38  Stargate  
  133  8:40  Photon Cannon  
  133  8:42  Stargate  
  133  8:46  Photon Cannon  
  133  8:52  Immortal (Chrono Boost)  
  133  8:53  Photon Cannon  
  133  8:55  Photon Cannon  
  137  9:08  Pylon  
  137  9:13  Protoss Air Weapons Level 1 (Chrono Boost)  
  137  9:19  Carrier (Chrono Boost)  
  137  9:23  Carrier (Chrono Boost)  
  149  9:28  Photon Cannon  
  149  9:30  Photon Cannon  
  149  9:31  Carrier (Chrono Boost)  
  155  9:32  Photon Cannon  
  155  9:33  Shield Battery  
  155  9:34  Zealot x2  
  155  9:35  Zealot, Shield Battery  
  155  9:37  Pylon  
  159  9:47  Cybernetics Core  
  159  9:59  Mothership (Chrono Boost)  
  167  10:10  Photon Cannon  
  167  10:12  Photon Cannon  
  167  10:13  Phoenix x3 (Chrono Boost), Protoss Ground Weapons Level 3 (Chrono Boost)  
  161  10:14  Photon Cannon  
  161  10:17  Tempest (Chrono Boost), Shield Battery  
  171  10:22  Pylon  
  171  10:25  Tempest (Chrono Boost)  
  176  10:29  High Templar  
  176  10:32  Tempest (Chrono Boost)  
  178  10:38  Zealot x9  
  178  10:39  Protoss Air Armor Level 1 (Chrono Boost)  
  188  10:58  Zealot x2  
  157  11:19  High Templar x3  
  157  11:21  High Templar x3  
  157  11:22  Protoss Air Weapons Level 2 (Chrono Boost)  
  169  11:28  Shield Battery  
  169  11:29  Shield Battery  
  169  11:33  Photon Cannon  
  169  11:34  Photon Cannon, Probe x2  
  169  11:35  Photon Cannon, Probe  
  169  11:37  Shield Battery  
  169  11:38  Photon Cannon, Probe  
  173  11:43  Photon Cannon  
  173  11:44  Observer  
  173  11:46  Tempest (Chrono Boost)  
  184  11:53  Tempest (Chrono Boost)  
  189  11:54  Tempest (Chrono Boost)  
  189  12:03  Pylon  
  189  12:16  Photon Cannon  
  189  12:18  Flux Vanes  
  189  12:20  Void Ray (Chrono Boost)  
  189  12:23  Photon Cannon  
  197  12:30  Void Ray (Chrono Boost)  
  197  12:40  Observer (Chrono Boost)  
  198  12:49  Photon Cannon  
  198  12:56  Pylon  
  190  13:00  Photon Cannon  
  190  13:01  Pylon, Immortal (Chrono Boost)  
  190  13:02  Protoss Air Armor Level 2 (Chrono Boost)  
  193  13:20  Protoss Shields Level 1 (Chrono Boost)  
  191  13:31  Nexus  
  191  13:32  Photon Cannon  
  191  13:34  Photon Cannon  
  191  13:35  Photon Cannon x2  
  191  13:37  Photon Cannon  
  191  13:39  Photon Cannon  
  191  13:40  Photon Cannon  
  191  13:41  Photon Cannon x2, Shield Battery  
  191  13:42  Shield Battery  
  191  13:45  Photon Cannon x2, Shield Battery  
  191  13:47  Pylon  
  191  13:50  Pylon  
  191  13:56  Photon Cannon  
  191  13:58  Photon Cannon  
  191  14:00  Photon Cannon  
  191  14:02  Photon Cannon  
  191  14:03  Protoss Air Weapons Level 3 (Chrono Boost)  
  191  14:06  Photon Cannon  
  191  14:08  Photon Cannon  
  191  14:11  Photon Cannon  
  191  14:12  Oracle x3  
  200  14:24  Assimilator  
  200  14:28  Assimilator  
  200  14:53  Stargate  
  200  14:54  Unknown  
  200  14:55  Stargate  
  200  14:58  Dark Shrine  
  200  15:00  Stargate  
  200  15:03  Stargate  
  200  15:21  Pylon  
  200  15:46  Protoss Shields Level 2 (Chrono Boost), Nexus  
  200  15:47  Photon Cannon  
  200  15:49  Photon Cannon  
  200  15:51  Photon Cannon  
  200  15:52  Photon Cannon  
  200  15:53  Shield Battery  
  200  15:54  Shield Battery  
  200  15:56  Shield Battery  
  194  15:58  Shield Battery  
  194  16:02  Shield Battery  
  194  16:04  Shield Battery  
  194  16:07  Pylon  
  194  16:09  Pylon  
  194  16:10  Protoss Air Armor Level 3 (Chrono Boost)  
  194  16:30  Tempest  
  194  16:31  Tempest  
  199  16:43  Shield Battery  
  199  16:44  Shield Battery  
  199  16:45  Shield Battery  
  199  16:46  Shield Battery  
  199  16:50  Pylon  
  196  17:15  Shadow Stride  
  196  17:16  Dark Templar x2  
  200  17:32  Unknown  
  200  17:36  Unknown  
  200  18:21  Photon Cannon  
  200  18:22  Photon Cannon  
  200  18:23  Photon Cannon x2  
  200  18:24  Photon Cannon x2, Pylon, Shield Battery  
  200  18:27  Photon Cannon, Shield Battery  
  200  18:29  Shield Battery x2  
  200  18:31  Photon Cannon  
  186  18:53  Protoss Shields Level 3  
  186  18:54  Tempest  
  186  18:55  Tempest  
  196  19:02  Observer (Chrono Boost)  
  197  19:15  Observer (Chrono Boost)  
  183  19:26  Photon Cannon  
  183  19:28  Photon Cannon x2  
  183  19:29  Photon Cannon, Shield Battery  
  183  19:30  Photon Cannon  
  183  19:31  Photon Cannon  
  183  19:33  Shield Battery  
  183  19:35  Pylon  
  183  19:40  Void Ray x4  
  194  20:15  Observer  
  194  20:18  Photon Cannon  
  194  20:19  Tempest x3  
  194  20:20  Photon Cannon, Pylon  
  194  20:21  Nexus, Shield Battery  
  189  20:42  Void Ray x2  
  197  20:56  Photon Cannon  
  197  20:57  Photon Cannon  
  197  20:59  Photon Cannon  
  197  21:00  Shield Battery  
  196  21:18  Assimilator  
  196  21:19  Assimilator  
  196  21:39  Observer  
  196  21:44  Probe  
  196  21:45  Probe x3  
  200  21:49  Protoss Ground Armor Level 1 (Chrono Boost)  
  194  22:33  Tempest  
  193  23:37  High Templar x3  
  199  23:48  Photon Cannon  
  199  23:49  Photon Cannon  
  199  23:51  Photon Cannon  
  199  24:07  Photon Cannon  
  199  24:09  Photon Cannon  
  199  24:12  Photon Cannon  
  199  24:13  Photon Cannon  
  199  24:15  Photon Cannon  
  199  24:17  Photon Cannon  
  199  24:20  Photon Cannon  
  199  24:21  Photon Cannon  
  199  24:24  Photon Cannon  
  199  24:26  Photon Cannon  
  199  24:28  Shield Battery  
  199  24:30  Shield Battery  
  199  24:34  Pylon  
  199  24:36  Pylon  
  199  24:39  Shield Battery  
  199  24:45  Shield Battery  
  199  24:50  Void Ray x4  
  199  24:51  Void Ray x2  
  180  24:56  Void Ray  
  157  25:03  High Templar x4  
  157  25:04  High Templar x7  
  166  25:08  Mothership (Chrono Boost)  
  166  25:13  Archon x5  
  156  25:19  Probe x6  
  162  25:31  Probe  
  163  25:39  High Templar x3  
  163  25:41  High Templar x2  
  163  25:42  High Templar x2  
  177  25:46  High Templar x4  
  185  25:52  Archon x2  
  185  25:54  Observer  
  186  26:04  Tempest x2  
  196  26:19  Observer  
  197  26:36  Oracle  
  200  26:46  Pylon  
  200  26:57  Pylon  
  200  27:20  Shield Battery  
  200  27:22  Shield Battery  
  200  27:23  Shield Battery  
  200  27:25  Shield Battery  
  200  27:27  Shield Battery  
  200  27:28  Photon Cannon  
  200  27:29  Photon Cannon  
  200  27:32  Photon Cannon  
  200  27:34  Photon Cannon  
  200  28:08  Shield Battery  
  200  28:09  Shield Battery  
  200  28:10  Shield Battery  
  200  28:12  Shield Battery x2  
  200  28:18  Pylon  
Show
View Real Time Build Order
Export as new Build Order

Armani Zerg 

Build Orders: Hatch First, Lurkers, Roach Hydra 

Get SALT Encoding   

  12  0:00  Drone  
  13  0:13  Overlord  
  13  0:17  Drone  
  14  0:32  Drone x2  
  16  0:47  Drone  
  17  0:52  Hatchery  
  17  0:55  Drone  
  17  0:58  Drone  
  17  1:03  Extractor  
  17  1:13  Spawning Pool  
  17  1:17  Drone  
  17  1:21  Drone  
  18  1:31  Drone  
  19  1:39  Drone  
  20  1:54  Drone  
  21  2:01  Zergling x2  
  22  2:03  Queen  
  22  2:04  Metabolic Boost  
  22  2:05  Queen  
  26  2:09  Overlord  
  26  2:13  Drone  
  26  2:15  Drone  
  28  2:30  Drone x2  
  28  2:36  Hatchery  
  29  2:39  Zergling x2  
  29  2:40  Drone  
  31  2:46  Queen  
  31  2:49  Drone  
  34  2:53  Overlord  
  34  2:58  Drone x2  
  36  3:12  Drone x2  
  38  3:13  Drone x2  
  38  3:14  Overlord  
  38  3:19  Drone  
  41  3:20  Drone  
  41  3:24  Queen  
  44  3:27  Spore Crawler  
  44  3:32  Overlord  
  44  3:33  Drone  
  44  3:41  Overlord  
  44  3:42  Pneumatized Carapace  
  44  3:43  Drone  
  44  3:45  Drone x2  
  44  3:48  Drone x2  
  48  3:52  Drone x2  
  48  3:55  Drone x2  
  53  4:00  Queen  
  55  4:05  Drone  
  55  4:06  Spore Crawler  
  55  4:08  Zergling x4  
  57  4:10  Zergling x2  
  57  4:11  Drone  
  57  4:15  Drone  
  57  4:16  Drone  
  60  4:20  Drone x2  
  60  4:23  Drone  
  63  4:25  Roach Warren, Overlord  
  63  4:26  Drone  
  63  4:28  Drone  
  63  4:31  Drone  
  65  4:35  Drone  
  65  4:42  Overlord  
  65  4:44  Drone x2  
  66  4:45  Drone  
  66  4:46  Drone  
  66  4:48  Overlord  
  66  4:49  Lair  
  68  4:53  Extractor  
  68  4:54  Extractor  
  68  4:55  Drone, Spore Crawler  
  68  4:56  Drone x2  
  68  4:58  Drone x2  
  68  4:59  Drone x2  
  72  5:03  Drone  
  72  5:05  Extractor x2  
  71  5:07  Drone  
  71  5:08  Drone  
  71  5:11  Evolution Chamber  
  72  5:17  Drone  
  72  5:20  Drone x2  
  75  5:21  Drone x2  
  75  5:22  Drone  
  75  5:24  Drone  
  75  5:25  Drone  
  75  5:26  Drone  
  75  5:27  Drone  
  75  5:28  Drone  
  81  5:30  Overlord  
  81  5:35  Overlord  
  81  5:46  Hatchery, Overlord  
  81  5:48  Overseer  
  81  5:49  Extractor, Overlord  
  79  5:53  Drone x4  
  79  5:54  Zerg Missile Weapons Level 1  
  79  5:55  Glial Reconstitution  
  83  6:00  Drone x3  
  83  6:02  Hydralisk Den  
  82  6:06  Overseer  
  82  6:08  Roach x2  
  82  6:09  Roach x2  
  90  6:17  Roach x5  
  100  6:22  Roach x2  
  104  6:30  Overlord x3  
  104  6:35  Roach x3  
  104  6:38  Infestation Pit  
  109  6:40  Ravager x4  
  109  6:41  Overlord  
  109  6:42  Overlord  
  109  6:46  Overlord  
  113  6:49  Drone  
  113  6:50  Drone x3  
  113  6:52  Ravager x2  
  118  6:55  Roach  
  118  6:58  Roach x4  
  128  7:04  Roach x2  
  132  7:09  Roach  
  132  7:10  Roach x2  
  132  7:13  Ravager  
  132  7:15  Roach x4  
  144  7:19  Zergling x6  
  147  7:25  Drone, Hive  
  147  7:27  Extractor  
  147  7:28  Extractor  
  146  7:34  Drone x3  
  146  7:35  Drone x5  
  146  7:36  Drone x3  
  157  7:37  Drone  
  157  7:40  Lurker Den  
  157  7:43  Drone  
  158  7:44  Drone x3  
  158  7:45  Drone, Evolution Chamber  
  158  7:46  Drone  
  162  7:51  Drone  
  162  7:53  Drone  
  162  7:54  Ravager x2  
  162  7:55  Ravager x2  
  162  7:58  Spine Crawler  
  167  7:59  Spine Crawler  
  167  8:00  Drone x2  
  167  8:03  Spore Crawler  
  167  8:08  Spore Crawler  
  167  8:11  Overlord x3  
  167  8:12  Overlord x3  
  166  8:16  Zerg Missile Weapons Level 2, Zerg Ground Armor Level 1  
  165  8:28  Overlord  
  165  8:29  Overlord x2  
  165  8:33  Hydralisk x6  
  177  8:34  Spine Crawler x3  
  177  8:36  Drone x2  
  177  8:37  Drone  
  177  8:41  Grooved Spines  
  177  8:44  Overseer  
  177  8:46  Seismic Spines  
  177  8:49  Drone x2  
  177  8:52  Spine Crawler  
  177  9:08  Lurker  
  177  9:09  Lurker x5, Hatchery  
  182  9:20  Spine Crawler, Hydralisk x4  
  182  9:22  Spine Crawler  
  182  9:23  Zergling x24  
  200  9:39  Nydus Network  
  200  9:43  Adaptive Talons  
  199  9:52  Muscular Augments, Extractor  
  198  9:53  Extractor  
  198  9:56  Hydralisk x2  
  198  9:57  Hydralisk  
  200  10:14  Lurker x3  
  199  10:39  Nydus Canal  
  194  10:44  Hydralisk x2  
  194  10:45  Hydralisk x3  
  194  10:46  Hydralisk  
  194  10:49  Hydralisk x2  
  198  10:58  Overseer  
  198  11:00  Nydus Canal  
  164  11:05  Viper x3  
  164  11:06  Drone x9, Spire  
  164  11:07  Drone x4  
  164  11:11  Hydralisk x7  
  199  11:22  Overlord  
  199  11:23  Nydus Canal  
  199  11:32  Spore Crawler x5  
  185  11:33  Lurker x6, Spore Crawler  
  185  11:34  Lurker, Spore Crawler x2  
  185  11:36  Spore Crawler  
  185  11:37  Spore Crawler  
  185  11:38  Spore Crawler  
  186  11:40  Spore Crawler  
  186  11:43  Drone x3  
  186  11:45  Hydralisk x5  
  198  11:47  Spore Crawler  
  198  11:48  Spore Crawler  
  198  11:49  Spore Crawler  
  198  11:50  Adrenal Glands, Spore Crawler  
  198  11:51  Spore Crawler  
  198  11:54  Drone x4  
  196  11:58  Spore Crawler  
  196  11:59  Spore Crawler x2  
  196  12:00  Spore Crawler x3  
  196  12:01  Spore Crawler x3  
  189  12:02  Spore Crawler x2  
  189  12:07  Drone x6  
  192  12:11  Zerg Melee Weapons Level 1, Zerg Missile Weapons Level 3  
  192  12:17  Pathogen Glands  
  192  12:19  Zerg Flyer Weapons Level 1  
  192  12:24  Nydus Canal  
  173  12:41  Spore Crawler  
  170  12:47  Overseer  
  170  12:51  Hydralisk x11  
  160  12:54  Drone x3  
  160  12:56  Spore Crawler x2  
  181  13:01  Drone x2  
  181  13:04  Spore Crawler  
  182  13:06  Lurker x3  
  182  13:07  Lurker x2  
  187  13:13  Overseer x3  
  187  13:17  Burrow  
  184  13:21  Infestor x2  
  184  13:22  Infestor  
  184  13:25  Neural Parasite  
  190  13:38  Spore Crawler x2  
  188  13:41  Spore Crawler  
  187  13:50  Spore Crawler, Corruptor x6  
  198  14:01  Corruptor  
  200  14:07  Zerg Melee Weapons Level 2  
  200  14:09  Ultralisk Cavern, Baneling Nest  
  196  14:27  Drone x2  
  196  14:28  Corruptor x3  
  200  14:37  Hatchery  
  199  14:46  Zerg Flyer Weapons Level 2  
  199  14:48  Spire  
  199  14:49  Spore Crawler  
  199  14:50  Spore Crawler  
  199  14:51  Spore Crawler  
  199  14:52  Spore Crawler  
  194  15:06  Corruptor x3  
  200  15:10  Chitinous Plating, Centrifical Hooks  
  200  15:11  Zerg Ground Armor Level 2  
  200  15:15  Overseer x2  
  200  15:16  Overseer x4  
  200  16:04  Zerg Flyer Armor Level 1  
  197  16:42  Drone x3  
  197  16:45  Spore Crawler  
  197  16:46  Spore Crawler  
  198  16:47  Spore Crawler  
  198  16:48  Spore Crawler x4  
  198  16:49  Spore Crawler  
  198  16:50  Spore Crawler  
  163  17:04  Infestor x4  
  167  17:09  Infestor  
  167  17:14  Zergling x8  
  167  17:15  Zergling x56  
  198  17:16  Zergling x2  
  200  17:26  Zerg Flyer Weapons Level 3  
  200  17:27  Zerg Melee Weapons Level 3, Anabolic Synthesis  
  194  17:56  Viper x3  
  200  18:04  Corruptor x5  
  177  18:14  Overseer  
  177  18:16  Zergling x40  
  177  18:19  Drone x2  
  191  18:20  Drone x3  
  191  18:21  Drone x6  
  197  18:55  Infestor x4  
  197  18:58  Baneling x16  
  197  18:59  Baneling x7  
  197  19:00  Baneling x2  
  177  19:33  Corruptor x2  
  177  19:36  Drone  
  177  19:37  Drone x7  
  187  19:39  Unknown  
  187  19:40  Unknown  
  185  19:46  Ultralisk x2  
  185  19:49  Infestor  
  199  19:55  Zerg Flyer Armor Level 2  
  185  20:23  Corruptor x4  
  185  20:24  Corruptor  
  185  20:26  Viper  
  198  20:49  Hatchery  
  197  20:52  Overseer  
  197  21:23  Overlord x4  
  197  21:26  Infestor x6, Overlord x2  
  191  21:42  Infestor x6  
  191  21:54  Zergling x18  
  191  22:43  Infestor x3  
  194  22:47  Infestor x6  
  194  22:50  Viper x2  
  200  22:52  Baneling x11  
  200  22:53  Baneling x7  
  200  23:04  Zerg Flyer Armor Level 3, Overlord x2  
  195  23:16  Extractor  
  195  23:18  Extractor  
  184  23:28  Corruptor  
  184  23:29  Corruptor x8  
  197  23:39  Zergling x12  
  200  23:45  Spore Crawler  
  200  23:46  Spore Crawler x2  
  200  23:47  Spore Crawler x2  
  200  23:48  Spore Crawler  
  194  23:49  Spore Crawler  
  194  23:50  Spore Crawler, Overlord  
  194  23:51  Overlord x2  
  194  23:52  Overlord  
  194  23:54  Overlord  
  189  24:03  Baneling x12  
  189  24:04  Overlord  
  189  24:14  Corruptor x5  
  199  24:31  Corruptor  
  100  25:15  Corruptor x5  
  100  25:16  Corruptor x24  
  100  25:19  Zergling x48  
  174  25:25  Drone  
  174  25:28  Overseer x4  
  172  25:37  Infestor x5  
  172  25:42  Drone x8  
  189  26:00  Ultralisk  
  181  26:06  Ultralisk  
  187  26:14  Drone x11  
  198  26:27  Spore Crawler  
  198  26:28  Spore Crawler x2, Overseer x3  
  194  26:35  Baneling x15  
  194  26:56  Zergling x10  
  199  27:07  Spore Crawler  
  198  27:09  Spore Crawler x2  
  185  27:20  Viper  
  185  27:21  Viper x2  
  185  27:22  Zergling x12  
  200  27:27  Spore Crawler  
  200  27:29  Spore Crawler x2  
  197  27:31  Spore Crawler  
  197  27:32  Overseer x3  
  197  27:35  Spore Crawler  
  195  27:40  Baneling x12  
  195  28:08  Corruptor x2  
Tags
 
Add a new tag
Caveats
  • Supply blocks, unpowered buildings, or Contaminate may cause inaccurate times.
  • Supply counts are checked every 10 seconds.